 Dungeon Crawl Stone Soup version 0.31-a0-182-gc5ef74bbde (webtiles) character file.

Game seed: 7076380419614021379

2328 Anon1729 the Trooper (level 9, -3/76 (79) HPs)
             Began as a Minotaur Monk on June 20, 2023.
             Was a Follower of Uskayaw.
             Slain by a wight
             ... wielding a +4 scimitar of freezing
              (5 damage)
             ... on level 7 of the Dungeon.
             The game lasted 00:04:59 (6417 turns).

Anon1729 the Trooper (Minotaur Monk)                Turns: 6417, Time: 00:05:00

HP:   -3/76 (79)    AC:  9    Str: 17    XL:     9   Next: 19%
MP:   11/11         EV: 15    Int:  7    God:    Uskayaw [*.....]
Gold: 360           SH:  5    Dex: 16    Spells: 8/8 levels left

rFire   . . .        y - +2 dagger (holy)
rCold   . . .        d - orb {light}
rNeg    . . .        E - +3 leather armour
rPois   .            (helmet restricted)
rElec   .            o - +0 cloak
rCorr   .            m - +0 pair of gloves
SInv    .            (no boots)
Will    .....        s - amulet of reflection
Stlth   +            (no ring)
HPRegen 0.32/turn    (no ring)
MPRegen 0.12/turn

%: reflection
@: glowing, lightly drained
A: horns 2, retaliatory headbutt
a: Renounce Religion, Stomp


You were on level 7 of the Dungeon.
You worshipped Uskayaw.
Uskayaw was noncommittal.
You visited 2 branches of the dungeon, and saw 9 of its levels.

You collected 360 gold pieces.

Inventory:

Hand Weapons
 a - a +0 short sword
 y - a +2 dagger of holy wrath (weapon)
Missiles
 w - 16 poisoned darts
Armour
 b - a +0 robe
 d - an orb of light (worn)
 i - a +0 chain mail
 m - a +0 pair of gloves (worn)
 o - a +0 cloak (worn)
 D - a scarf of harm
 E - a +3 leather armour (worn)
Jewellery
 s - an amulet of reflection (around neck)
 C - a ring of positive energy
Wands
 c - a wand of iceblast (5)
 l - a wand of flame (33)
Scrolls
 e - 2 scrolls of poison
 g - a scroll of enchant weapon
 n - 2 scrolls of immolation
 p - 4 scrolls of teleportation
 q - a scroll of silence {unknown}
 r - 2 scrolls of fear
 v - 2 scrolls of butterflies {unknown}
 x - 2 scrolls of revelation {unknown}
 A - a scroll of identify
 B - a scroll of brand weapon {unknown}
 F - a scroll of vulnerability {unknown}
Potions
 f - 2 potions of degeneration {unknown}
 h - 3 potions of mutation {unknown}
 j - 2 potions of haste
 k - 4 potions of brilliance {unknown}
 t - 2 potions of heal wounds {unknown}
 u - 2 potions of curing {unknown}
 z - 2 potions of might {unknown}


   Skills:
 + Level 7.5 Fighting
 + Level 6.9 Short Blades
 + Level 6.3 Armour
 + Level 6.8 Dodging
 + Level 5.3 Invocations


You had 8 spell levels left.
You didn't know any spells.
Your spell library contained the following spells:

 Spells                   Type           Power      Damage    Failure   Level
 Apportation              Tloc           0%         N/A       50%         1
 Slow                     Hex            0%         N/A       50%         1
 Summon Small Mammal      Summ           0%         N/A       50%         1
 Call Canine Familiar     Summ           0%         N/A       86%         3
 Confusing Touch          Hex            0%         N/A       86%         3
 Inner Flame              Hex/Fire       0%         N/A       86%         3
 Summon Guardian Golem    Hex/Summ       0%         N/A       86%         3
 Vampiric Draining        Necr           0%         2d6       86%         3
 Volatile Blastmotes      Fire/Tloc      0%         2d10      86%         3
 Fulminant Prism          Conj/Hex       0%         3d5       99%         4
 Iskenderun's Mystic Bla  Conj/Tloc      0%         2d3       99%         4
 Alistair's Intoxication  Tmut/Pois      0%         N/A       100%        5
 Lee's Rapid Deconstruct  Erth           0%         3d4*      100%        5
 Yara's Violent Unravell  Hex/Tmut       0%         3d3       100%        5
 Enfeeble                 Hex            0%         N/A       100%        7


Dungeon Overview and Level Annotations

Branches:
Dungeon (8/15)             Temple (1/1) D:7
   Lair: D:8-11

Altars:
Cheibriados
Dithmenos
Elyvilon
Fedhas
Hepliaklqana
Kikubaaqudgha
Makhleb
Nemelex Xobeh
Okawaru
Qazlal
Ru
Uskayaw
Vehumet
Wu Jian
Xom
Yredelemnul
Zin
The Shining One

Annotations:
D:7 Pikel


Innate Abilities, Weirdness & Mutations

You have a pair of horns on your head.
You reflexively headbutt those who attack you in melee.


Message History

You can now stomp with the beat.
There is a staircase back to the Dungeon here.
You climb upwards.
Welcome back to the Dungeon!
You block the two-headed ogre's attack. The two-headed ogre misses you.
The two-headed ogre hits you with a +0 giant spiked club!
The two-headed ogre misses you.
There is a staircase to the Ecumenical Temple here.
You hit the two-headed ogre but do no damage.
The two-headed ogre closely misses you. You block the two-headed ogre's attack.
You hit the two-headed ogre. You headbutt the two-headed ogre.
The two-headed ogre is lightly wounded.
You hit the two-headed ogre.
The two-headed ogre is lightly wounded.
The two-headed ogre hits you with a +0 giant club!!
The two-headed ogre hits you with a +0 giant spiked club!!
* * * LOW HITPOINT WARNING * * *
You hit the two-headed ogre.
The two-headed ogre is moderately wounded.
The two-headed ogre attacks as you move away!
You block the two-headed ogre's attack. The two-headed ogre barely misses you.
There is a stone staircase leading down here.
You climb downwards.
The kobold shouts! x2; The water moccasin hisses angrily.
You hear a shout!
Found five items.
Found an escape hatch in the ceiling.
Found a stone staircase leading up.
There is a stone staircase leading up here.
You block the wight's attack.
You see here a +0 falchion.
There is an escape hatch in the ceiling here.
The wight closely misses you. A mysterious force pulls you upwards.
The hatch slams shut behind you.
The lemure shouts! x3; You hear a loud, deep croak!
A bullfrog comes into view.
Found a short sword.
The lemure attacks as you move away! The lemure barely misses you. x2
A lemure comes into view.
The wight hits you with a +4 scimitar of freezing!
* * * LOW HITPOINT WARNING * * *
You feel drained.
You die... #### #...####### #(#(...#O...# .(....9..##'# (.(8.8#####.### ### ..... #8.8#5 ...# 8()!

##.##.####.....
..(
##.##.K........
..
#8.8#.5@..)....
.
##.##.5z5...F..
##.##z.###+##.#
#8.8#..# #
##.#####
8###8##.##8##8#
...............
8###8##.##8##8#
# ##.## # .####


You could see Pikel, 4 lemures, a bullfrog and 2 wights.

Vanquished Creatures
  Sigmund (D:2)
  Eustachio (D:4)
  A wyvern (D:5)
  A steam dragon (D:6)
  The ghost of flestrin the Ducker, an amateur SpTm (D:4)
  An orc warrior (D:7)
  A black bear (D:6)
  3 ogres
  A centaur (D:6)
  3 phantoms
  2 bullfrogs
  A howler monkey (D:7)
  2 hounds
  2 jellies
  6 orc priests
  Crazy Yiuf (D:2)
  5 iguanas
  A sleepcap (D:7)
  Ijyb (D:3)
  2 orc wizards
  3 gnolls (D:5)
  5 adders
  A white imp (D:6)
  3 worms
  A dart slug (D:4)
  36 orcs
  13 ball pythons
  2 endoplasms
  A giant cockroach (D:1)
  8 hobgoblins
  3 jackals
  3 bats
  A frilled lizard (D:3)
  6 goblins
  5 kobolds
  6 rats
134 creatures vanquished.

Notes
Turn   | Place    | Note
-------+----------+-------------------------------------------
     0 | D:1      | Anon1729 the Minotaur Monk began the quest for the Orb.
     0 | D:1      | Reached XP level 1. HP: 19/19 MP: 0/0
   933 | D:2      | Found a faded altar of an unknown god.
   972 | D:2      | Reached XP level 2. HP: 27/27 MP: 1/1
  1024 | D:2      | Identified the +6 whip "Qemnyjyss" {freeze, rElec rF- Int-5
                  | SInv}
  1032 | D:2      | Noticed Sigmund
  1043 | D:3      | Noticed Ijyb
  1090 | D:3      | Killed Ijyb
  1091 | D:3      | Reached skill level 4 in Fighting
  1091 | D:3      | Reached skill level 1 in Armour
  1091 | D:3      | Reached skill level 1 in Invocations
  1091 | D:3      | Reached XP level 3. HP: 30/33 MP: 2/2
  1106 | D:2      | Killed Sigmund
  1107 | D:2      | Reached XP level 4. HP: 37/41 MP: 2/4
  1107 | D:2      | Reached XP level 5. HP: 43/47 MP: 2/5
  1377 | D:2      | Found a runed translucent door.
  1378 | D:2      | Noticed Crazy Yiuf
  1540 | D:2      | Killed Crazy Yiuf
  1720 | D:3      | Reached XP level 6. HP: 30/55 MP: 6/6
  1723 | D:3      | Reached skill level 5 in Fighting
  2936 | D:4      | Found a radiant altar of Vehumet.
  2940 | D:4      | Noticed Eustachio
  2979 | D:4      | Killed Eustachio
  2980 | D:4      | Reached skill level 5 in Short Blades
  2980 | D:4      | Reached skill level 5 in Dodging
  2980 | D:4      | Reached XP level 7. HP: 48/61 MP: 8/8
  3081 | D:4      | Found a large runed translucent door.
  3082 | D:4      | Found a large runed translucent door.
  3085 | D:4      | Noticed flestrin's ghost (amateur SpTm)
  3496 | D:4      | Killed flestrin's ghost
  3497 | D:4      | Reached skill level 6 in Fighting
  3539 | D:5      | Entered Level 5 of the Dungeon
  3570 | D:5      | Noticed a wyvern
  3586 | D:5      | Killed a wyvern
  3587 | D:5      | Reached XP level 8. HP: 29/70 MP: 9/9
  3842 | D:5      | Found a burning altar of Makhleb.
  4036 | D:5      | Found a glowing silver altar of Zin.
  4599 | D:6      | Reached skill level 5 in Armour
  5102 | D:6      | Reached skill level 7 in Fighting
  5296 | D:6      | Reached skill level 5 in Invocations
  5705 | D:7      | Reached XP level 9. HP: 79/79 MP: 11/11
  5820 | D:7      | Found a stormy altar of Qazlal.
  6090 | D:7      | Found a staircase to the Ecumenical Temple.
  6164 | D:7      | Found the +6 shillelagh "Devastator" {shatter}
  6165 | D:7      | Noticed a two-headed ogre
  6165 | D:7      | Noticed a two-headed ogre
  6166 | D:7      | Noticed a gargoyle
  6167 | D:7      | Noticed a two-headed ogre
  6211 | Temple   | Entered the Ecumenical Temple
  6380 | Temple   | Became a worshipper of Uskayaw the Reveller
  6380 | Temple   | Reached * piety under Uskayaw
  6416 | D:7      | Noticed Pikel
  6417 | D:7      | HP: 2/79 [wight/+4 scimitar of freezing (17)]
  6417 | D:7      | Slain by a wight

Illustrated notes

Levels and vault maps discovered:
D:1:      mrwooster_arrival_statue_2, layout_loops_corners
D:2:      layout_rooms, shapermc_ecumenical_altar_notcrosses,
          minmay_misc_feat_secret_circle, uniq_sigmund, uniq_crazy_yiuf_cottage
D:3:      minmay_razor_zed, layout_loops_ring, uniq_ijyb
D:4:      layout_cave_pools, mainiacjoe_overflow_small_starburst,
          ebering_ghost_disaster_area, uniq_eustachio
D:5:      layout_loops_ring, old_standard_altar, lemuel_doored_altar
D:6:      layout_gridville
D:7:      layout_basic, amcnicky_altar_gilded, grunt_qazlal_clouds,
          temple_statues, minmay_misc_feat_tiny, dk_noncrumbling_2,
          minivault_24, dilly_guarded_unrand_devastator, uniq_pikel
D:8:      layout_rooms, tgw_sif, trog_wizard
Temple:   nicolae_temple_ecumenical_triangle

Skill      XL: |  1  2  3  4  5  6  7  8 |
---------------+-------------------------+-----
Fighting       | 4 5 6 7 |  7.5
Armour         | 1 2 3 4 6 |  6.3
Invocations    | 1 2 3 5 |  5.3
Short Blades   | 4 5 6 |  6.9
Dodging        | 4 5 6 |  6.8

Action                     |  1- 3 |  4- 6 |  7- 9 || total
---------------------------+-------+-------+-------++-------
  Melee: Short sword       |    61 |   199 |    26 ||   286
         Headbutt          |    12 |    59 |    82 ||   153
         Dagger            |       |       |   225 ||   225
  Evoke: Wand              |       |       |     5 ||     5
    Use: Potion            |     2 |       |       ||     2
         Scroll            |       |     3 |     2 ||     5
 Armour: Chain mail        |    20 |    85 |    16 ||   121
         Robe              |     1 |       |       ||     1
         Leather armour    |       |       |    33 ||    33
  Dodge: Dodged            |    23 |    82 |   104 ||   209
  Block: Orb               |       |    29 |    45 ||    74
         Reflection        |       |     3 |     1 ||     4

Table legend: (Time is in decaauts)
 A = Elapsed time spent in this place.
 B = Non-inter-level travel time spent in this place.
 C = Inter-level travel time spent in this place.
 D = Time resting spent in this place.
 E = Time spent auto-exploring this place.
 F = Levels seen in this place.
 G = Mean time per level.
                   A        B        C        D        E       F      G
               +--------+--------+--------+--------+--------+-----+--------+
         Total |   6272 |   5858 |    414 |    615 |   4349 |   9 |  696.9 |
       Dungeon |   6085 |   5671 |    414 |    615 |   4195 |   8 |  760.6 |
        Temple |    186 |    186 |      0 |      0 |    154 |   1 |  186.0 |
               +--------+--------+--------+--------+--------+-----+--------+

Top non-repeatable levels by time:
     D:6: 1057 daAuts
     D:3: 1049 daAuts
     D:5: 977 daAuts
     D:4: 900 daAuts
     D:1: 872 daAuts
     D:2: 696 daAuts
     D:7: 525 daAuts
  Temple: 186 daAuts
     D:8: 5 daAuts
